 Dungeon Crawl Stone Soup version 0.31-a0-217-g58bb5d79cf (webtiles) character file.

Game seed: 17125536258205585994

102 qw the Chopper (level 4, -2/28 HPs)
             Began as a Gargoyle Fighter on July 2, 2023.
             Slain by an orc warrior
             ... wielding a +3 long sword
              (3 damage)
             ... on level 3 of the Dungeon.
             The game lasted 00:00:51 (2020 turns).

qw the Chopper (Gargoyle Fighter)                   Turns: 2020, Time: 00:00:52

Health: -2/28      AC: 13    Str: 21    XL:     4   Next: 77%
Magic:  4/4        EV:  9    Int:  9    God:
Gold:   56         SH:  4    Dex:  9    Spells: 3/3 levels left

rFire   . . .        Y - +1 war axe
rCold   . . .        c - +0 buckler
rNeg    + . .        b - +0 scale mail
rPois   inf          a - +2 helmet
rElec   +            (no cloak)
rCorr   .            (no gloves)
SInv    .            (no boots)
Will    .....        (no amulet) Stlth
                     (no ring)
HPRegen 0.24/turn    (no ring)
MPRegen 0.09/turn

%: no passive effects
@: no status effects
A: sickness immunity, AC +3, negative energy resistance 1, electricity
resistance, torment resistance 1, petrification resistance
a: no special abilities


You were on level 3 of the Dungeon.
You visited 1 branch of the dungeon, and saw 3 of its levels.

You collected 56 gold pieces.


Innate Abilities, Weirdness & Mutations

You are immune to sickness and miasma.
Your stone body is resilient. (AC +3)
You are immune to poison.
You resist negative energy. (rN+)
You are resistant to electric shocks. (rElec)
You are resistant to unholy torment.
You are immune to petrification.


   Skills:
 - Level 3.2 Fighting
 - Level 4.3 Axes
 + Level 0.2 Throwing
 - Level 3.2 Armour
 - Level 3.2 Shields


You had 3 spell levels left.
You didn't know any spells.
Your spell library was empty.

Inventory:

Hand Weapons
 f - a +0 mace
 Y - a +1 war axe (weapon)
Missiles
 k - 6 javelins
Armour
 a - a +2 helmet (worn)
 b - a +0 scale mail (worn)
 c - a +0 buckler (worn)
Scrolls
 j - a scroll of identify
Potions
 d - 2 potions of might
 e - a potion of invisibility {unknown}
 g - a potion of haste
 h - a potion of enlightenment {unknown}
 i - a potion of cancellation {unknown}

Dungeon Overview and Level Annotations

Branches:
Dungeon (3/15)

Altars:
Ru

Annotations:
D:2 1 runed translucent door, Crazy Yiuf


Message History

A nearby plant withers and dies. x2; The orc barely misses you.
The kobold throws a stone.
The stone hits you but does no damage. You block the orc's attack.
The orc warrior hits you with a +3 long sword.
You slash the orc!
You kill the orc!
You closely miss the orc warrior.
The orc warrior hits you with a +3 long sword.
The kobold throws a stone.
The stone hits you but does no damage.
You barely miss the orc warrior.
The orc warrior hits you with a +3 long sword.
You hit the orc warrior.
The orc warrior is lightly wounded.
You closely miss the orc. The orc hits you but does no damage.
The orc warrior misses you. The orc barely misses you.
You slash the orc warrior!
The orc warrior is moderately wounded.
You closely miss the orc priest. You slash the orc!
You kill the orc!
The orc priest barely misses you.
You hit the orc warrior.
The orc warrior is heavily wounded.
You barely miss the orc priest. You miss something.
The orc priest invokes the aid of Beogh against you.
Beogh smites you!
The orc warrior hits you with a +3 long sword.
You hear some strange, mumbled words.
A magic dart appears from out of thin air!
The magic dart hits you!
You hit the orc warrior.
The orc warrior is heavily wounded.
You barely miss the orc priest. You closely miss something.
The orc priest hits you but does no damage.
The orc warrior hits you with a +3 long sword.
Something hits you but does no damage.
The orc priest calls upon Beogh to heal the orc warrior.
The orc warrior is healed somewhat.
Something hits you but does no damage.
The orc warrior hits you with a +3 long sword.
You die...

# ######### .### .######
#.......# .....
......###.#####.##......
...........###..@oK.PPPP
..###.###.......o{.....P
#.......###...#..._..
####..###..####.#.......
........................
...........####.#.....#.
####..##.#[# #.##.##...
##...##.#.# #. .# .##
##.....#.#


You could see an orc warrior, an orc priest and a kobold.

Vanquished Creatures
  Natasha (D:2)
  Robin (D:2)
  An adder (D:2)
  A worm (D:2)
  A dart slug (D:2)
  3 orcs
  5 endoplasms (D:1)
  3 giant cockroaches (D:2)
  2 hobgoblins (D:2)
  A kobold (D:2)
  4 ball pythons
  4 bats (D:1)
  A frilled lizard (D:1)
  13 goblins (D:2)
  6 rats
47 creatures vanquished.

Notes
Turn   | Place    | Note
-------+----------+-------------------------------------------
     0 | D:1      | qw the Gargoyle Fighter began the quest for the Orb.
     0 | D:1      | Reached XP level 1. HP: 14/14 MP: 1/1
     0 | D:1      | 0 ||| qw: Version: 0.3-a-40-ge99b1a8
     0 | D:1      | 0 ||| qw: Game counter: 133
     0 | D:1      | 0 ||| qw: Melee chars always use a shield: true
     0 | D:1      | 0 ||| qw: God list: Okawaru
     0 | D:1      | 0 ||| qw: Allow faded altars: false
     0 | D:1      | 0 ||| qw: Do Orc after clearing Dungeon:15 true
     0 | D:1      | 0 ||| qw: Do second Lair branch before Depths: true
     0 | D:1      | 0 ||| qw: Lair rune preference: random
     0 | D:1      | 0 ||| qw: Goals: Normal, Zot:1-4, Slime:5, God:TSO, Crypt,
                  | Tomb, Abyss, Pan, Hells, Win
     0 | D:1      | 0 ||| PLANNING D:1-11
    34 | D:1      | Reached skill level 2 in Axes
   122 | D:1      | Reached XP level 2. HP: 19/19 MP: 2/2
   563 | D:1      | 563 ||| READING scroll labelled ENASTU VI TOIB.
   564 | D:1      | 564 ||| READING 2 scrolls labelled HEUXTO HUSU.
   565 | D:1      | 565 ||| READING scroll labelled SOKITHR PAREXAL.
   566 | D:1      | 566 ||| DROPPING scroll of blinking.
   902 | D:2      | 902 ||| Stepping ~*~*~tactically~*~*~ (stealth).
   903 | D:2      | Noticed Robin
   904 | D:2      | 904 ||| Stepping ~*~*~tactically~*~*~ (hiding).
   912 | D:2      | Killed Robin
   913 | D:2      | Reached skill level 3 in Axes
   913 | D:2      | Reached XP level 3. HP: 7/23 MP: 3/3
   915 | D:2      | HP: 4/23 [goblin/+2 antimagic dagger[Robin] (4)]
   923 | D:2      | HP: 5/23 [goblin/+0 club[Robin] (1)]
   926 | D:2      | HP: 1/23 [goblin/+0 club[Robin] (4)]
   929 | D:2      | 929 ||| FLEEEEING.
   930 | D:2      | 930 ||| FLEEEEING.
   931 | D:2      | 931 ||| FLEEEEING.
   932 | D:2      | 932 ||| FLEEEEING.
   933 | D:2      | 933 ||| FLEEEEING.
   934 | D:2      | 934 ||| FLEEEEING.
   935 | D:2      | 935 ||| FLEEEEING.
   936 | D:2      | 936 ||| FLEEEEING.
   937 | D:2      | 937 ||| FLEEEEING.
   938 | D:2      | 938 ||| FLEEEEING.
   939 | D:2      | 939 ||| FLEEEEING.
   940 | D:2      | 940 ||| FLEEEEING.
   941 | D:2      | 941 ||| FLEEEEING.
   942 | D:2      | 942 ||| STAIRDANCE
  1021 | D:1      | 1021 ||| READING scroll labelled KAROSM COFONU.
  1338 | D:2      | Noticed Natasha
  1339 | D:2      | 1339 ||| Stepping ~*~*~tactically~*~*~ (hiding).
  1347 | D:2      | Killed Natasha
  1348 | D:2      | Reached skill level 4 in Axes
  1348 | D:2      | Reached XP level 4. HP: 11/28 MP: 4/4
  1432 | D:2      | 1432 ||| Stepping ~*~*~tactically~*~*~ (hiding).
  1433 | D:2      | 1433 ||| Stepping ~*~*~tactically~*~*~ (hiding).
  1623 | D:2      | Found a runed translucent door.
  1624 | D:2      | Noticed Crazy Yiuf
  1946 | D:2      | 1946 ||| UPGRADING to +2 helmet.
  1951 | D:2      | 1951 ||| READING scroll labelled YLEFAVUIRYN.
  1952 | D:2      | 1952 ||| READING scroll labelled VATWUDWA JAGE.
  1955 | D:2      | 1955 ||| READING scroll labelled SEOCSO CAQ OLI.
  1956 | D:2      | 1956 ||| DRINKING 2 silvery potions.
  2004 | D:3      | Found a sacrificial altar of Ru.
  2006 | D:3      | Noticed an orc warrior
  2007 | D:3      | 2007 ||| Stepping ~*~*~tactically~*~*~ (hiding).
  2019 | D:3      | HP: 3/28 [something/magic dart (7)]
  2020 | D:3      | HP: 1/28 [orc warrior/+3 long sword (3)]
  2020 | D:3      | Slain by an orc warrior

Levels and vault maps discovered:
D:1:      lightli_arrival_windingriver, layout_basic
D:2:      layout_loops_corners, serial_forest, infiniplex_forest_lined_3,
          infiniplex_forest_end_2, infiniplex_forest_end_3,
          infiniplex_forest_clump_double, infiniplex_forest_lined_2,
          infiniplex_forest_pool, minmay_quadrilaterals, uniq_robin,
          uniq_natasha, uniq_crazy_yiuf_cottage
D:3:      layout_loops_ring, mainiacjoe_overflow_chevrons,
          hellmonk_ecumenical_altar_zigzags

Skill      XL: |  1  2  3 |
---------------+----------+-----
Axes           | 2 3 4 |  4.3
Fighting       | |  3.2
Throwing       | |  0.2
Armour         | |  3.2
Shields        | |  3.2

Action                     |  1- 3 |  4- 6 || total
---------------------------+-------+-------++-------
  Melee: War axe           |    80 |    37 ||   117
    Use: Scroll            |     4 |     3 ||     7
         Potion            |       |     1 ||     1
 Armour: Scale mail        |    47 |    16 ||    63
  Dodge: Dodged            |    28 |    14 ||    42
  Block: Buckler           |    16 |     6 ||    22

Table legend:
 A = Non-vault XP
 B = Vault XP
 C = Vault XP percentage of total XP
 D = Non-vault monster count
 E = Vault monster count
 F = Vault count percentage of total count
                 A         B        C        D         E       F
            +---------+---------+-------+---------+---------+-------
      Total |      42 |     104 |  71.2 |      26 |      21 |  44.7
            +---------+---------+-------+---------+---------+-------
        D:1 |      21 |       0 |   0.0 |      14 |       0 |   0.0
        D:2 |      14 |     104 |  88.1 |       9 |      21 |  70.0
        D:3 |       7 |       0 |   0.0 |       3 |       0 |   0.0
            +---------+---------+-------+---------+---------+-------
